Construct Section Command Post
Selects Australian Defense Battlegroup
Selects Australian Light Infantry Section
Australian Light Infantry Section
Selects 2-pounder Anti-tank Gun Team
2-pounder Anti-tank Gun Team
Construct Platoon Command Post
Construct Field Infirmary
Australian Light Infantry Section
2-pounder Anti-tank Gun Team
Construct Company Command Post
Selects CMP 15cwt Supply Run
Selects Reinforced Resource Caches
2-pounder Anti-tank Gun Team
Selects Archer Tank Destroyer
2-pounder Anti-tank Gun Team